 Dungeon Crawl Stone Soup version 0.13-a0-2244-g236abbe (webtiles) character file.

1608 Drahman the Covered (level 8, -1/61 HPs)
             Began as a Demonspawn Fighter on July 5, 2013.
             Was a Priest of Cheibriados.
             Slain by Dowan
             ... wielding a +3,+1 elven dagger of electrocution
              (16 damage)
             ... on Level 6 of the Dungeon.
             The game lasted 00:20:16 (6402 turns).

Drahman the Covered (Demonspawn Fighter)            Turns: 6402, Time: 00:20:17

HP  -1/61        AC 11     Str 25      XL: 8   Next: 32%
MP  19/20        EV  7     Int 18      God: Cheibriados [***...]
Gold 299         SH 28     Dex 22      Spells:  0 memorised,  7 levels left

Res.Fire  : + . .   See Invis. : .   a - +0,-1 falchion
Res.Cold  : x . .   Warding    : .   b - +0 scale mail
Life Prot.: . . .   Conserve   : .   c - +0 shield
Res.Poison: .       Res.Corr.  : .   (no helmet)
Res.Elec. : .       Clarity    : .   r - +0 dwarf cloak
Sust.Abil.: . .     Spirit.Shd : .   (no gloves)
Res.Mut.  : .       Stasis     : .   (no boots)
Res.Rott. : .       Flight     : .   (no amulet)
Saprovore : . . .                    o - ring of fire
                                     m - ring of magical power

@: very slow, slightly resistant to hostile enchantments, very unstealthy
A: claws 1, demonic guardian 1, nightstalker 1, AC +3, SH +4
a: Bend Time, Temporal Distortion, Renounce Religion


You were on level 6 of the Dungeon.
You worshipped Cheibriados.
Cheibriados was greatly pleased with you.
You were not hungry.

You visited 1 branch of the dungeon, and saw 6 of its levels.
You also visited: Sewer.

You collected 279 gold pieces.

Inventory:

Hand weapons
 a - a +0,-1 falchion (weapon)
Armour
 b - a +0 scale mail (worn)
 c - a +0 shield (worn)
 r - a +0 dwarven cloak (worn)
Comestibles
 d - 3 bread rations
 h - a rotting chunk of worm flesh
 j - a pear
 k - 2 meat rations
 n - an apple
Scrolls
 e - 2 scrolls of enchant weapon I
 f - a scroll of recharging {unknown}
 l - a scroll of teleportation
 q - a scroll of amnesia {unknown}
Jewellery
 m - a ring of magical power (left claw)
 o - a ring of fire (right claw)
Potions
 g - a potion of brilliance
 i - 2 potions of agility
 p - 2 potions of flight
 t - a potion of curing
Books
 u - a book of Conjurations

   Spells                             Type                      Level
   Magic Dart                         Conjuration                  1
   Force Lance                        Conjuration                  2
   Dazzling Spray                     Conjuration/Hexes            3
   Iskenderun's Mystic Blast          Conjuration                  4
   Iskenderun's Battlesphere          Conjuration/Charms           4
   Fulminant Prism                    Conjuration/Hexes            5


   Skills:
 + Level 4.6 Fighting
 + Level 3.5 Long Blades
 * Level 5.8 Armour
 - Level 0.6 Dodging
 * Level 5.8 Shields
 + Level 3.1 Invocations


You had 7 spell levels left.
You didn't know any spells.

Dungeon Overview and Level Annotations

Branches:
Dungeon (6/27)             Temple (0/1) D:4
    Orc: D:6-11

Altars:
Cheibriados
Nemelex Xobeh
Trog

Annotations
D:2 1 exclusion
D:6 Dowan


Innate Abilities, Weirdness & Mutations

You have sharp fingernails.
You are mostly covered in large bone plates (AC +3, SH +4).
A weak demonic guardian rushes to your aid.
You are slightly more attuned to the shadows.


Message History

You block Dowan's attack.
You barely miss Dowan. You block Dowan's attack.
You hit Dowan but do no damage. Dowan hits you but does no damage.
Dowan hits you but does no damage.
Your shield and scale mail prevent you from hitting Dowan.
You block Dowan's attack.
You hit Dowan.
Dowan is moderately wounded.
Dowan is no longer moving slowly.
Dowan hits you but does no damage.
Your shield and scale mail prevent you from hitting Dowan.
Dowan is moderately wounded.
You block Dowan's attack. Dowan gestures at you while chanting.
The shard of ice hits you!
You feel a painful chill!
* * * LOW HITPOINT WARNING * * *
You closely miss Dowan.
Dowan is moderately wounded.
You block Dowan's attack. Dowan hits you but does no damage.
You are electrocuted!
You die...

##### #......####
....####.####.##.##
#.......####.#.#.##
##..##...........#.#
.......#.####.#...##
.#.)####.####.##.##
....####..(...##.#
.........#######)######
.######### #@e....# .##
######.# ..# #.# #.#
#.# #.# #......?# #.#
#.##.##e# ..# # ..# #
.## ### .#.#


You could see Dowan.

Vanquished Creatures
  An ice beast (D:5)
  A phantom (D:4)
  2 ogres
  Duvessa (D:6)
  A water moccasin (D:5)
  A giant frog skeleton (D:5)
  2 crimson imps
  4 orc priests (D:4)
  5 orc wizards
  2 hound skeletons
  An iguana (D:4)
  A worker ant (D:4)
  Ijyb (D:2)
  2 jellies (D:5)
  2 gnolls (D:4)
  10 adders
  3 green rats (D:3)
  A giant centipede (D:5)
  2 giant mites
  4 worms
  A bat skeleton (D:4)
  A giant eyeball (D:5)
  7 giant geckos
  2 oozes
  14 orcs
  4 ball pythons
  6 bats
  3 giant cockroaches
  9 hobgoblins
  10 jackals
  A quokka (D:2)
  5 giant newts
  8 goblins
  3 hobgoblin skeletons (D:4)
  10 kobolds
  5 rats
136 creatures vanquished.

Vanquished Creatures (collateral kills)
  An ogre (D:6)
  A giant slug (Sewer)
  2 gnolls (D:4)
  A giant mite (D:4)
  6 orcs
  A kobold (D:4)
  A giant newt (D:4)
13 creatures vanquished.

Vanquished Creatures (others)
  2 crimson imps (D:5)
  3 iron imps
  5 lemures
  A white imp (D:5)
  7 ufetubi
  A kobold (D:1)
  A rat (D:1)
20 creatures vanquished.

Grand Total: 169 creatures vanquished

Notes
Turn   | Place    | Note
--------------------------------------------------------------
     0 | D:1      | Drahman, the Demonspawn Fighter, began the quest for the Orb.
     0 | D:1      | Reached XP level 1. HP: 18/18 MP: 0/0
   145 | D:1      | Gained mutation: You have sharp fingernails. [demonic ancestry]
   145 | D:1      | Reached XP level 2. HP: 16/24 MP: 1/1
   214 | D:1      | Found a sparkling altar of Nemelex Xobeh.
   862 | D:2      | Gained mutation: A weak demonic guardian rushes to your aid. [demonic ancestry]
   862 | D:2      | Reached XP level 3. HP: 30/30 MP: 2/2
   887 | D:2      | Noticed Ijyb
   933 | D:2      | Killed Ijyb
  1242 | D:2      | Reached XP level 4. HP: 36/36 MP: 3/3
  1749 | D:3      | Found a snail-covered altar of Cheibriados.
  1762 | D:3      | Became a worshipper of Cheibriados the Contemplative
  1985 | D:3      | Gained mutation: You are partially covered in large bone plates (AC +2, SH +2). [demonic ancestry]
  1985 | D:3      | Reached XP level 5. HP: 38/42 MP: 4/4
  2211 | D:3      | Acquired Cheibriados' first power
  2228 | D:3      | Found a glowing drain.
  2237 | D:3      | Reached skill level 4 in Armour
  2259 | Sewer    | Entered a sewer
  2718 | D:4      | Gained mutation: You are slightly more attuned to the shadows. [demonic ancestry]
  2718 | D:4      | Reached XP level 6. HP: 17/48 MP: 3/5
  3705 | D:4      | Reached XP level 7. HP: 23/54 MP: 2/6
  3726 | D:4      | Reached skill level 1 in Invocations
  3931 | D:4      | Got a smoking hand axe
  3932 | D:4      | Identified the cursed hand axe of Watchfulness {flame, rC+} (You found it on level 4 of the Dungeon)
  4313 | D:4      | Noticed a phantom
  4314 | D:4      | Found a staircase to the Ecumenical Temple.
  4327 | D:4      | Killed a phantom
  4327 | D:4      | Reached skill level 5 in Armour
  4327 | D:4      | Reached skill level 5 in Shields
  4934 | D:5      | Entered Level 5 of the Dungeon
  4956 | D:5      | Paralysed by a giant eyeball for 4 turns
  4962 | D:5      | Paralysed by a giant eyeball for 2 turns
  5124 | D:5      | Acquired Cheibriados' second power
  5247 | D:5      | Found a sparkling altar of Nemelex Xobeh.
  5247 | D:5      | Found a bloodstained altar of Trog.
  5318 | D:5      | Gained mutation: You are mostly covered in large bone plates (AC +3, SH +4). [demonic ancestry]
  5318 | D:5      | Reached XP level 8. HP: 21/61 MP: 10/10
  6361 | D:6      | Noticed Duvessa
  6362 | D:6      | Noticed Dowan
  6396 | D:6      | Killed Duvessa
  6402 | D:6      | Slain by Dowan

Action                   |  1- 3 |  4- 6 |  7- 9 || total
-------------------------+-------+-------+-------++-------
Melee: Falchion          |   183 |   335 |   317 ||   835
Invok: Bend Time         |       |     2 |     3 ||     5
  Use: Scroll            |       |       |    16 ||    16
       Potion            |       |       |     5 ||     5
 Stab: Distracted        |       |     1 |     1 ||     2
